 Dungeon Crawl Stone Soup version 0.22-a0-77-g0fd0111 (webtiles) character file.

139 KristoblXynda the Conjurer (level 5, -9/38 HPs)
             Began as a Draconian Conjurer on Jan 14, 2018.
             Mangled by an orc warrior
             ... wielding a +0 glaive
              (25 damage)
             ... on level 3 of the Dungeon.
             The game lasted 00:05:55 (2934 turns).

KristoblXynda the Conjurer (Draconian Conjurer)     Turns: 2934, Time: 00:05:56

Health: -9/38      AC:  5    Str: 10    XL:     5   Next: 1%
Magic:  1/10       EV: 12    Int: 17    God:
Gold:   139        SH:  0    Dex: 11    Spells: 3/11 levels left

rFire    . . .     SeeInvis .   g - +3 dagger (freeze)
rCold    + . .     Gourm    .   (no shield)
rNeg     . . .     Faith    .   (armour unavailable)
rPois    .         Spirit   .   (helmet restricted)
rElec    .         Reflect  .   (no cloak)
rCorr    .         Harm     .   (no gloves)
MR       .....                  (no boots)
Stlth    ++........             (no amulet)
HPRegen  0.12/turn              j - ring of protection from cold
MPRegen  0.12/turn              (no ring)

@: very slightly contaminated
A: unfitting armour, cold-blooded, AC +5
a: no special abilities


You were on level 3 of the Dungeon.
You were hungry.

You visited 1 branch of the dungeon, and saw 4 of its levels.

You collected 139 gold pieces.

Inventory:

Hand Weapons
 g - a +3 dagger of freezing (weapon)
Armour
 o - a +0 buckler
Jewellery
 f - an uncursed amulet of rage {unknown}
 j - a ring of protection from cold (left hand)
Scrolls
 c - 2 scrolls of amnesia {unknown}
 l - a scroll of immolation {unknown}
 n - a scroll of teleportation {unknown}
Potions
 d - a potion of berserk rage {unknown}
 e - a potion of invisibility {unknown}
 h - a potion of heal wounds {unknown}
 i - a potion of flight {unknown}
 k - a potion of brilliance {unknown}
 m - a potion of haste {unknown}
Books
 a - a book of Conjurations

   Spells                             Type                      Level
   a - Magic Dart                     Conjuration                  1
   b - Searing Ray                    Conjuration                  2
   c - Dazzling Spray                 Conjuration/Hexes            3
   d - Fulminant Prism                Conjuration/Hexes            4
   e - Force Lance                    Conjuration/Translocation    4
   f - Iskenderun's Mystic Blast      Conjuration                  4
Comestibles
 b - 5 rations
 p - 2 chunks of flesh


   Skills:
 - Level 1.7 Dodging
 - Level 1.7 Stealth
 + Level 0.5 Shields
 + Level 3.6 Spellcasting
 + Level 5.2 Conjurations


You had 3 spell levels left.
You knew the following spells:

 Your Spells              Type           Power        Failure   Level  Hunger
a - Magic Dart            Conj           ###.         1%          1    None
b - Dazzling Spray        Conj/Hex       ##....       17%         3    ###....
c - Iskenderun's Mystic   Conj           ###.....     19%         4    ####...


Dungeon Overview and Level Annotations

Branches:
Dungeon (4/15)
 Temple: D:4-7

Altars:
Makhleb
Ru


Innate Abilities, Weirdness & Mutations

Your plain brown scales are hard. (AC +5)
You cannot fit into any form of body armour.
You are cold-blooded and may be slowed by cold attacks.


Message History

Aiming: Dazzling Spray
Press: ? - help, Shift-Dir - straight line, f/p - orc warrior
Aim: an orc warrior, wielding a glaive and wearing a chain mail (moderately wounded, blind)
You miscast Dazzling Spray.
You are very lightly contaminated with residual magic.
Nothing appears to happen.
The orc warrior barely misses you.
Casting: Dazzling Spray
Confirm with . or Enter, or press ? or * to list all spells.
Aiming: Magic Dart
Press: ? - help, Shift-Dir - straight line, f/p - orc warrior
Aim: an orc warrior, wielding a glaive and wearing a chain mail (moderately wounded, blind)
The magic dart hits the orc warrior.
The orc warrior is heavily wounded.
The orc warrior hits you with a glaive!
You barely miss the orc warrior.
The orc warrior is heavily wounded.
The orc warrior is no longer blind.
The orc warrior hits you with a glaive!!
Ouch! That really hurt!
You die...

##### #...### #.#...# ####
#### #o###o#####[..# ...##
###.# #.@.<#.._.# #...#
###...# ##...#....#
###.###....>###.........##
............##......(....#
####.....................#
####.....##...........#
#.....###.........##
##.o...# ##...#.[.##
#......# #########


You could see an orc warrior.

Vanquished Creatures
  A hound skeleton (D:4)
  5 adders
  3 oozes
  A dart slug (D:3)
  3 leopard geckos
  An orc (D:3)
  3 bats
  3 giant cockroaches
  9 goblins
  8 hobgoblins
  5 jackals
  A quokka (D:2)
  A ball python (D:3)
  6 frilled lizards
  4 kobolds
  8 rats
62 creatures vanquished.

Notes
Turn   | Place    | Note
-------+----------+-------------------------------------------
     0 | D:1      | KristoblXynda the Draconian Conjurer began the quest for the Orb.
     0 | D:1      | Reached XP level 1. HP: 14/14 MP: 3/3
   339 | D:1      | Reached XP level 2. HP: 20/20 MP: 1/5
   981 | D:1      | Reached XP level 3. HP: 26/26 MP: 0/7
   992 | D:1      | Learned a level 3 spell: Dazzling Spray
  1565 | D:2      | Found a sacrificial altar of Ru.
  2018 | D:2      | Found a faded altar of an unknown god.
  2140 | D:2      | Reached XP level 4. HP: 33/33 MP: 2/8
  2256 | D:2      | Reached skill level 5 in Conjurations
  2662 | D:3      | Noticed an orc warrior
  2700 | D:2      | Learned a level 4 spell: Iskenderun's Mystic Blast
  2800 | D:3      | Found a burning altar of Makhleb.
  2828 | D:4      | Noticed an ogre
  2844 | D:3      | Reached XP level 5. HP: 35/38 MP: 10/10
  2934 | D:3      | Mangled by an orc warrior

Vault maps used:
D:1:      grunt_arrival_lava_bath
D:2:      nicolae_ru_awakened_eye, first_ration, chequers_ecumenical_altar_lobes
D:3:      bloody_makhleb
D:4:      okawaru_trees_2, minmay_temple_entry_large_hall, uniq_ijyb,
          uniq_blork_the_orc

Skill      XL: |  1  2  3  4 |
---------------+-------------+-----
Spellcasting   | 3 |  3.6
Conjurations   | 5 |  5.2
Dodging        | |  1.7
Stealth        | |  1.7
Shields        | |  0.5

Action                   |  1- 3 |  4- 6 || total
-------------------------+-------+-------++-------
Melee: Unarmed           |     7 |       ||     7
       Dagger            |    21 |    17 ||    38
       Short sword       |     2 |       ||     2
       Tailslap          |     2 |     3 ||     5
 Cast: Magic Dart        |    64 |    43 ||   107
       Dazzling Spray    |       |     1 ||     1
  Use: Scroll            |     2 |       ||     2
 Stab: Sleeping          |       |     1 ||     1
  Eat: Chunk             |     4 |     2 ||     6
Armor: Skin              |    10 |     8 ||    18
Dodge: Dodged            |    20 |    20 ||    40

Table legend:
 A = Spawn XP
 B = Non-spawn XP
 C = Spawn XP percentage of total XP
 D = Spawn monster count
 E = Non-spawn monster count
 F = Spawn count percentage of total count
 G = Total turns spent on level
                    A         B        C        D         E        F      G
               +---------+---------+-------+---------+---------+-------+---------
         Total |       0 |     199 |   0.0 |       0 |      62 |   0.0 |  2934
               +---------+---------+-------+---------+---------+-------+---------
           D:1 |       0 |      43 |   0.0 |       0 |      19 |   0.0 |  1382
           D:2 |       0 |      78 |   0.0 |       0 |      23 |   0.0 |  1085
           D:3 |       0 |      59 |   0.0 |       0 |      19 |   0.0 |   452
           D:4 |       0 |      19 |   0.0 |       0 |       1 |   0.0 |    15
               +---------+---------+-------+---------+---------+-------+---------
